 Dungeon Crawl Stone Soup version 0.28-a0-406-g4bac719ec2 (webtiles) character file.

Game seed: 10871475867853315092

536 Astera the Slasher (level 7, -16/55 HPs)
             Began as a Barachi Fighter on Sept 5, 2021.
             Killed by a puff of frost (18 damage)
             ... invoked by the wrath of Vehumet
             ... on level 5 of the Dungeon.
             The game lasted 00:09:04 (3751 turns).

Astera the Slasher (Barachi Fighter)                Turns: 3751, Time: 00:09:05

Health: -16/55     AC:  8    Str: 19    XL:     7   Next: 25%
Magic:  7/7        EV: 10    Int:  8    God:
Gold:   112        SH:  5    Dex: 12    Spells: 6/6 levels left

rFire   . . .      SeeInvis .   a - +0 long sword
rCold   . . .      Faith    .   c - +0 buckler
rNeg    . . .      Spirit   .   b - +0 scale mail
rPois   .          Reflect  .   (no helmet)
rElec   .          Harm     .   (no cloak)
rCorr   .          Rampage  .   l - +0 pair of gloves
Will    .....                   (no boots)
Stlth   ..........              (no amulet)
HPRegen 0.18/turn               (no ring)
MPRegen 0.10/turn               (no ring)

@: mighty, unable to hop, slow
A: amphibious, slowness 1, strong legs 1, +LOS
a: Hop


You were on level 5 of the Dungeon.
You visited 1 branch of the dungeon, and saw 6 of its levels.

You collected 112 gold pieces.

Inventory:

Hand Weapons
 a - a +0 long sword (weapon)
Missiles
 e - 2 boomerangs
 j - a throwing net
Armour
 b - a +0 scale mail (worn)
 c - a +0 buckler (worn)
 l - a +0 pair of gloves (worn)
Wands
 k - a wand of iceblast (10)
Scrolls
 i - a scroll of acquirement {unknown}
Potions
 d - a potion of might
 f - a potion of lignification {unknown}
 g - a potion of curing {unknown}
 h - a potion of magic {unknown}
 m - a potion of berserk rage {unknown}


   Skills:
 + Level 4.9 Fighting
 + Level 6.0 Long Blades
 + Level 5.5 Armour
 + Level 2.2 Dodging
 + Level 0.8 Stealth
 + Level 4.3 Shields


You had 6 spell levels left.
You didn't know any spells.
Your spell library contained the following spells:

 Spells                   Type           Power      Damage    Failure   Level
 Apportation              Tloc           0%         N/A       77%         1
 Summon Small Mammal      Summ           0%         N/A       77%         1
 Sublimation of Blood     Necr           0%         N/A       88%         2
 Wereblood                Tmut           0%         N/A       88%         2
 Call Canine Familiar     Summ           0%         N/A       98%         3
 Conjure Flame            Conj/Fire      0%         6-21      98%         3
 Ignite Poison            Fire/Tmut/Pois 0%         N/A       98%         3
 Stone Arrow              Conj/Erth      0%         3d7       98%         3
 Summon Guardian Golem    Hex/Summ       0%         N/A       98%         3
 Animate Armour           Summ/Erth      0%         N/A       100%        4
 Sticky Flame             Conj/Fire      0%         2d3       100%        4
 Alistair's Intoxication  Tmut/Pois      0%         N/A       100%        5
 Invisibility             Hex            0%         N/A       100%        6
 Orb of Destruction       Conj           0%         N/A       100%        7
 Spellforged Servitor     Conj/Summ      0%         N/A       100%        7
 Summon Hydra             Summ           0%         N/A       100%        7
 Lehudib's Crystal Spear  Conj/Erth      0%         10d2      100%        8


Dungeon Overview and Level Annotations

Branches:
Dungeon (6/15)             Temple (0/1) D:4

Altars:
Vehumet
Xom


Innate Abilities, Weirdness & Mutations

You are amphibious.
You cover ground slowly.
You can hop short distances.
You have an extended range of vision and can be seen from far away.


Message History

The adder bites you but does no damage.
You barely miss the adder. The adder barely misses you.
You slash the adder!
You kill the adder!
You see here an adder corpse.
You see here an adder corpse.
An adder comes into view.
The adder hisses angrily.
An ogre comes into view. It is wielding a +0 giant club.
The ogre shouts!
You closely miss the adder. The adder misses you.
You hit the adder.
The adder is heavily wounded.
The adder barely misses you.
You barely miss the adder.
The adder is heavily wounded.
The adder barely misses you. x2
You barely miss the adder.
The adder is heavily wounded.
The adder misses you.
You slash the adder!
You kill the adder!
You hit the ogre but do no damage. You block the ogre's attack.
You barely miss the ogre. The ogre misses you.
You hit the ogre.
The ogre is lightly wounded.
The ogre hits you with a +0 giant club!!
You hit the ogre.
The ogre is moderately wounded.
The ogre hits you with a +0 giant club!!
Ouch! That really hurt!
* * * LOW HITPOINT WARNING * * *
Okay, then.
Hop to where?
Press: ? - help, Q - select action, (/) - cycle Dir - move target Boing!
You feel very mighty all of a sudden.
Vehumet rains destruction down upon you!
The puff of frost hits you!!
You die...

############# ............#
.###.#.####.# .#
#.#.####.######## ###
.###.#........†.@..######.##
........###.##.###....O†.#.#
..#....## #.#...#########.##
.......####......# #.#
#.#....[....#..>## #S#
#.#.#.########.## #.#
#.#.#.# #.# #O# #....(# #.#
####.##### ###.### #+#
#........#


You could see an ogre and the wrath of Vehumet (unaware).

Vanquished Creatures
  A water moccasin (D:5)
  An ogre (D:4)
  A phantom (D:6)
  A howler monkey (D:4)
  An orc priest (D:3)
  A jelly (D:6)
  An iguana (D:3)
  6 adders
  2 worms
  5 dart slugs
  10 orcs
  3 ball pythons
  11 endoplasms
  2 giant cockroaches
  5 goblins
  6 hobgoblins
  6 kobolds
  3 quokkas
  8 bats
  2 frilled lizards
  6 rats
82 creatures vanquished.

Notes
Turn   | Place    | Note
-------+----------+-------------------------------------------
     0 | D:1      | Astera the Barachi Fighter began the quest for the Orb.
     0 | D:1      | Reached XP level 1. HP: 18/18 MP: 1/1
    67 | D:1      | Reached XP level 2. HP: 25/25 MP: 2/2
   170 | D:1      | Found a faded altar of an unknown god.
   175 | D:1      | Became a worshipper of Vehumet
   175 | D:1      | Reached * piety under Vehumet
   175 | D:1      | Offered knowledge of Magic Dart by Vehumet.
   176 | D:1      | Fell from the grace of Vehumet
   445 | D:1      | Reached XP level 3. HP: 30/30 MP: 3/3
   898 | D:2      | Reached skill level 3 in Long Blades
   916 | D:2      | Found a shimmering altar of Xom.
  1334 | D:2      | Reached skill level 1 in Dodging
  1334 | D:2      | Reached XP level 4. HP: 36/38 MP: 4/4
  2055 | D:3      | Reached skill level 4 in Long Blades
  2055 | D:3      | Reached XP level 5. HP: 13/43 MP: 5/5
  3147 | D:4      | Noticed an ogre
  3156 | D:4      | Killed an ogre
  3157 | D:4      | Reached XP level 6. HP: 33/49 MP: 6/6
  3167 | D:4      | Reached skill level 5 in Long Blades
  3288 | D:4      | Reached skill level 5 in Armour
  3388 | D:4      | Found a staircase to the Ecumenical Temple.
  3389 | D:4      | You fall into a shaft and drop 2 floors!
  3498 | D:5      | Entered Level 5 of the Dungeon
  3498 | D:5      | Noticed a water moccasin
  3503 | D:5      | Killed a water moccasin
  3504 | D:5      | Reached skill level 6 in Long Blades
  3504 | D:5      | Reached XP level 7. HP: 36/55 MP: 7/7
  3749 | D:5      | HP: 1/55 [ogre (29)]
  3751 | D:5      | Killed by a puff of frost

Illustrated notes

Levels and vault maps discovered:
D:1:      roderic_chinese_lattice_arrival, layout_rooms,
          shapermc_ecumenical_altar_petra, roderic_serpentine_path
D:2:      layout_basic, basic_altar
D:3:      layout_loops_ring
D:4:      layout_basic, minmay_temple_entry_mini_moons, serial_shops,
          shop_statue
D:5:      layout_loops_corners, uniq_blork_the_orc, uniq_menkaure, uniq_ijyb
D:6:      layout_basic, kennysheep_crisscross

Skill      XL: |  1  2  3  4  5  6 |
---------------+-------------------+-----
Fighting       | 4 |  4.9
Armour         | 4 5 |  5.5
Long Blades    | 3 4 6 |  6.0
Dodging        | 1 2 |  2.2
Shields        | 4 |  4.3
Stealth        | |  0.8

Action                   |  1- 3 |  4- 6 |  7- 9 || total
-------------------------+-------+-------+-------++-------
Melee: Long sword        |    78 |   164 |    14 ||   256
Invok: Renounce Religion |     1 |       |       ||     1
 Abil: Hop               |       |       |     1 ||     1
  Use: Scroll            |       |     6 |       ||     6
       Potion            |       |       |     1 ||     1
Armor: Scale mail        |    45 |    70 |     1 ||   116
Dodge: Dodged            |    35 |    66 |     8 ||   109
Block: Buckler           |    20 |    36 |     1 ||    57

Table legend: (Time is in decaauts)
 A = Elapsed time spent in this place.
 B = Non-inter-level travel time spent in this place.
 C = Inter-level travel time spent in this place.
 D = Time resting spent in this place.
 E = Time spent auto-exploring this place.
 F = Levels seen in this place.
 G = Mean time per level.
                   A        B        C        D        E       F      G
               +--------+--------+--------+--------+--------+-----+--------+
         Total |   4261 |   4150 |    111 |    841 |   2241 |   6 |  710.2 |
       Dungeon |   4261 |   4150 |    111 |    841 |   2241 |   6 |  710.2 |
               +--------+--------+--------+--------+--------+-----+--------+

Top non-repeatable levels by time:
     D:2: 1367 daAuts
     D:3: 1097 daAuts
     D:1: 968 daAuts
     D:4: 417 daAuts
     D:6: 232 daAuts
     D:5: 178 daAuts
